 Dungeon Crawl Stone Soup version 0.15.2 (webtiles) character file.

4219 kroki the Cleaver (level 10, -8/87 HPs)
             Began as a Deep Dwarf Death Knight on Feb 17, 2015.
             Was a Follower of Makhleb.
             Mangled by a komodo dragon (18 damage)
             ... on Level 8 of the Dungeon.
             The game lasted 00:24:54 (7487 turns).

kroki the Cleaver (Deep Dwarf Death Knight)         Turns: 7487, Time: 00:24:54

HP  -8/87        AC 14     Str 23      XL: 10   Next:  9%
MP  16/16        EV  6     Int 12      God: Makhleb [*.....]
Gold 509         SH  0     Dex 14      Spells:  0 memorised,  9 levels left

rFire  . . .     SeeInvis .     p - +4 war axe
rCold  . . .     Clarity  .     a - +0 plate armour (curse)
rNeg   . . .     rCorr    .     (no shield)
rPois  .         rRot     .     (helmet restricted)
rElec  .         Spirit   .     (no cloak)
SustAb .         Warding  .     b - +1 pair of gloves
rMut   .         Stasis   .     (no boots)
Gourm  .                        (no amulet)
MR     +....                    (no ring)
                                (no ring)

@: mighty, very slightly contaminated, non-regenerating, somewhat resistant to
hostile enchantments, extremely unstealthy
A: damage resistance, recharge devices, antennae 1, sense surroundings 2, slow
healing 3
a: Device Recharging, Renounce Religion


You were on level 8 of the Dungeon.
You worshipped Makhleb.
Makhleb was aware of your devotion.
You were very hungry.

You visited 2 branches of the dungeon, and saw 9 of its levels.

You collected 509 gold pieces.

Inventory:

Hand weapons
 p - a +4 war axe (weapon)
   (You took it off an orc on level 3 of the Dungeon)
Missiles
 e - 7 curare-tipped needles
 x - 13 poisoned needles
Armour
 a - a cursed +0 plate armour (worn)
   (You found it on level 8 of the Dungeon)
 b - a +1 pair of gloves (worn)
   (You found it on level 6 of the Dungeon)
 E - a +0 plate armour
   (You took it off an orc warrior on level 6 of the Dungeon)
Magical devices
 c - a wand of heal wounds (4)
 r - a wand of slowing (0)
   (You took it off Sigmund on level 5 of the Dungeon)
 z - a wand of paralysis (3)
   (You found it on level 5 of the Dungeon)
 B - a wand of digging (11)
   (You found it on level 5 of the Dungeon)
 C - a wand of invisibility (2)
   (You found it on level 5 of the Dungeon)
Comestibles
 h - 4 meat rations
 i - 7 fruits
Scrolls
 j - a scroll of vulnerability {unknown}
 w - 3 scrolls of remove curse
Jewellery
 v - a cursed ring of loudness {Stlth-}
   (You found it on level 4 of the Dungeon)
Potions
 d - a potion of brilliance {unknown}
 f - 2 potions of might
 g - a potion of mutation {unknown}
 k - a potion of flight {unknown}
 n - 2 potions of restore abilities {unknown}
 t - 2 potions of magic {unknown}
 u - 3 potions of curing {unknown}


   Skills:
 + Level 4.3 Fighting
 + Level 12.6 Axes
 + Level 5.0 Armour
 - Level 1.1 Dodging
 - Level 6.0 Invocations
 - Level 6.7 Evocations


You had 9 spell levels left.
You didn't know any spells.

Dungeon Overview and Level Annotations

Branches:
Dungeon (8/15)             Temple (1/1) D:5
   Lair: D:8-11

Altars:
Ashenzari
Cheibriados
Dithmenos
Fedhas
Kikubaaqudgha
Makhleb
Nemelex Xobeh
Okawaru
Qazlal
Sif Muna
Trog
Vehumet
Xom
Yredelemnul
Zin
The Shining One
Lugonu

Portals:
Abyss: D:1

Annotations:
D:8 Gastronok


Innate Abilities, Weirdness & Mutations

You are resistant to damage.
You can recharge devices by infusing magical energy.
You passively map the area around you.
You do not heal naturally.
You have a pair of small antennae on your head.


Message History

The orc warrior is severely wounded.
The orc warrior hits you but does no damage.
You catch the helpless orc warrior completely off-guard!
You hit the orc warrior.
The orc warrior is severely wounded.
You slice the iguana!!
You kill the iguana!
Makhleb accepts your kill.
You slash the komodo dragon!
The komodo dragon is lightly wounded.
You hit the orc warrior.
The orc warrior is almost dead.
The komodo dragon bites you. The orc warrior barely misses you.
You closely miss the orc warrior.
The orc warrior is almost dead.
Your plate armour prevents you from hitting the komodo dragon.
The komodo dragon is lightly wounded.
The komodo dragon bites you!
The orc warrior hits you but does no damage.
You slash the komodo dragon!
The komodo dragon is heavily wounded.
You catch the helpless orc warrior completely off-guard!
You hit the orc warrior.
You kill the orc warrior!
Makhleb accepts your kill.
You have reached level 10!
The komodo dragon bites you!!
* * * LOW HITPOINT WARNING * * *
Evoke which item? (* to show all) (? for menu, Esc to quit)
Zapping:
c - a wand of heal wounds (2)
Press: ? - help, Shift-Dir - straight line, f - you You feel much better.
This wand has 1 charge left.
You flicker for a moment.
The komodo dragon completely misses you.
You slash the komodo dragon!
The komodo dragon is severely wounded.
The komodo dragon bites you!!
* * * LOW HITPOINT WARNING * * *
Evoke which item? (* to show all) (? for menu, Esc to quit)
Zapping:
c - a wand of heal wounds (1)
Press: ? - help, Shift-Dir - straight line, f - you You feel much better.
This wand has 0 charges left.
The komodo dragon closely misses you.
You catch the helpless komodo dragon completely off-guard!
You slash the komodo dragon!
The komodo dragon is almost dead.
The komodo dragon bites you!
You hit the komodo dragon.
The komodo dragon is almost dead.
You completely miss the komodo dragon.
The komodo dragon is almost dead.
You flicker back into view.
The komodo dragon closely misses you.
You slice the komodo dragon!!
You kill the komodo dragon!
Makhleb accepts your kill.
Your Armour skill increases to level 5!
You see here a komodo dragon corpse.
You offer a prayer to Makhleb.
The komodo dragon corpse flares red and disappears.
Makhleb is aware of your devotion.
Things that are here:
a hand axe; a plate armour; an orc corpse You offer a prayer to Makhleb.
The orc corpse flares red and disappears.
Makhleb is aware of your devotion.
Things that are here:
a trident; a leather armour You offer a prayer to Makhleb.
Makhleb only cares about fresh corpses!
Makhleb is aware of your devotion.
Things that are here:
a club; a scale mail You offer a prayer to Makhleb.
Makhleb only cares about fresh corpses!
Makhleb is aware of your devotion.
You see here an iguana corpse.
You offer a prayer to Makhleb.
The iguana corpse disappears without a sign.
Makhleb is aware of your devotion. The komodo dragon bites you!!
* * * LOW HITPOINT WARNING * * *
Evoke which item? (* to show all) (? for menu, Esc to quit)
Zapping:
z - a wand of paralysis (4)
Press: ? - help, Shift-Dir - straight line, f - komodo dragon
Aim: a komodo dragon The komodo dragon resists.
This wand has 3 charges left.
The komodo dragon bites you!
* * * LOW HITPOINT WARNING * * *
Evoke which item? (* to show all) (? for menu, Esc to quit)
Okay, then.
Drink which item? (? for menu, Esc to quit)
Okay, then.
Read which item? (? for menu, Esc to quit)
Okay, then.
Use which ability? (? or * to list) Charge which item? (? for menu, Esc to quit)
Your wand of heal wounds (0) glows for a moment and now has 4 charges.
The komodo dragon bites you!!
You die...

### * ###### ## ###.#
,,* .?#.#
#.##..#.####### ,* *
##..###..#.###.)...). *
,*#...#.###........###.
,
...###.).#..........###
#. ,
#......)l.....#.#### ##
*#......#)@...##.##
...#....#...####.. *,
.....##.....# *,### *
###. ##.#### * #** ##
###### ####...<#
##....#### #...### ##


You could see a komodo dragon.

Vanquished Creatures
  Pikel (D:5)
  A phantasmal warrior (D:7)
  The ghost of emiel the Carver, an experienced TeBe of Trog (D:3)
  2 komodo dragons (D:8)
  A wraith (D:8)
  A deep elf mage (D:7)
  A hippogriff (D:7)
  A water moccasin (D:6)
  3 ice beasts
  A swamp drake (D:8)
  3 orc warriors
  A sky beast (D:5)
  4 centaurs
  Sigmund (D:5)
  A giant frog (D:8)
  A water moccasin zombie (D:6)
  A scorpion (D:4)
  4 killer bees (D:7)
  A shapeshifter zombie (D:8)
  2 centaur zombies
  3 crimson imps
  2 goliath beetles (D:8)
  2 orc priests
  3 hounds
  A centaur skeleton (D:6)
  7 orc wizards
  4 worker ants
  6 iguanas
  An ogre zombie (D:6)
  A hound zombie (D:5)
  2 worker ant zombies
  9 gnolls
  5 adders
  2 shadow imps
  4 giant mites
  A worm (D:4)
  An adder zombie (D:8)
  A gnoll skeleton (D:4)
  A human zombie (D:5)
  An iguana skeleton (D:4)
  An orc skeleton (D:4)
  2 oozes
  29 orcs
  11 bats
  5 giant cockroaches
  15 hobgoblins
  3 jackals (D:2)
  8 kobolds
  3 quokkas
  A ball python (D:6)
  3 giant geckos
  5 giant newts
  12 goblins
  A goblin zombie (D:6)
  2 orc zombies
  2 quokka zombies (D:5)
  10 rats
202 creatures vanquished.

Vanquished Creatures (collateral kills)
  An ice beast (D:6)
  2 ogres
  An iguana (D:6)
  A worker ant (D:6)
  2 gnolls
  A worm (D:2)
  An adder skeleton (D:6)
  2 oozes
  5 orcs
  A bat (D:4)
  2 hobgoblins
  A jackal (D:2)
  A ball python (D:3)
  3 goblins
  3 kobolds
  2 rats (D:1)
29 creatures vanquished.

Vanquished Creatures (others)
  A slave (D:5)
  A scorpion (D:5)
  A centaur zombie (D:5)
  A mummy (D:5)
  A scorpion zombie (D:4)
  2 adder zombies (D:3)
  A giant gecko (D:5)
  2 gnoll zombies (D:5)
  2 hobgoblins (D:5)
  A ball python zombie (D:6)
  A giant cockroach zombie (D:2)
  A giant newt zombie (D:3)
  2 hobgoblin zombies
  3 kobold zombies
  11 orc zombies
31 creatures vanquished.

Grand Total: 262 creatures vanquished

Notes
Turn   | Place    | Note
--------------------------------------------------------------
     0 | D:1      | kroki, the Deep Dwarf Death Knight, began the quest for the Orb.
     0 | D:1      | Reached XP level 1. HP: 19/19 MP: 2/2
   288 | D:1      | Found a one-way gate to the infinite horrors of the Abyss.
   288 | D:1      | Found a corrupted altar of Lugonu.
   288 | D:1      | Noticed a quasit
   288 | D:1      | Noticed a demonic crawler
   288 | D:1      | Noticed a quasit
   288 | D:1      | Noticed a quasit
   289 | D:1      | Noticed an iron imp
   289 | D:1      | Noticed a quasit
   289 | D:1      | Noticed a demonic crawler
   289 | D:1      | magipi: nice vault on D1
   290 | D:1      | Noticed an iron imp
   293 | D:1      | Noticed an iron imp
   581 | D:1      | Reached skill level 3 in Axes
   583 | D:1      | Reached XP level 2. HP: 12/26 MP: 4/4
  1208 | D:2      | HP: 6/26 [adder (4)]
  1291 | D:2      | Reached XP level 3. HP: 32/32 MP: 5/5
  1420 | D:2      | Reached skill level 4 in Axes
  1461 | D:2      | Gained mutation: You have a pair of small antennae on your head. [potion of beneficial mutation]
  1546 | D:2      | HP: 6/32 [gnoll/hand axe (3)]
  1549 | D:2      | Acquired Yredelemnul's second power
  1549 | D:2      | Reached XP level 4. HP: 37/39 MP: 7/7
  1605 | D:2      | Reached skill level 5 in Axes
  2332 | D:3      | Noticed emiel's ghost (experienced TeBe)
  2343 | D:3      | HP: 8/39 [emiel's ghost (8)]
  2345 | D:3      | Killed emiel's ghost
  2345 | D:3      | Reached skill level 7 in Axes
  2345 | D:3      | Reached XP level 5. HP: 21/45 MP: 8/8
  2345 | D:3      | Reached XP level 6. HP: 24/52 MP: 10/10
  2870 | D:3      | Found a shattered altar of Ashenzari.
  2872 | D:3      | Found an iron altar of Okawaru.
  2948 | D:3      | Reached skill level 4 in Invocations
  3276 | D:4      | Reached skill level 8 in Axes
  3310 | D:4      | Reached XP level 7. HP: 41/58 MP: 9/11
  3512 | D:4      | Reached skill level 5 in Invocations
  3560 | D:4      | Acquired Yredelemnul's third power
  3945 | D:5      | Entered Level 5 of the Dungeon
  3945 | D:5      | Noticed Sigmund
  3981 | D:5      | HP: 11/58 [orc wizard/magic dart (8)]
  3995 | D:5      | Reached skill level 6 in Invocations
  4074 | D:5      | Noticed Pikel
  4111 | D:5      | Killed Pikel
  4111 | D:5      | Reached skill level 10 in Axes
  4111 | D:5      | Reached XP level 8. HP: 46/66 MP: 16/16
  4204 | D:5      | Received a gift from Yredelemnul
  4292 | D:5      | Reached skill level 1 in Evocations
  4364 | D:5      | kroki: hi\
  4369 | D:5      | Reached skill level 2 in Evocations
  4457 | D:5      | emiel: hey
  4461 | D:5      | emiel: grats on the win
  4461 | D:5      | Killed Sigmund
  4464 | D:5      | Reached skill level 11 in Axes
  4464 | D:5      | Reached skill level 3 in Evocations
  4515 | D:5      | kroki: the summoner?
  4600 | D:5      | emiel: yh
  4604 | D:5      | kroki: yeah, its a highscore
  4660 | D:5      | emiel: noice
  4805 | D:5      | Found a staircase to the Ecumenical Temple.
  4918 | D:6      | Found a shadowy altar of Dithmenos.
  4928 | D:6      | Reached skill level 4 in Evocations
  5075 | D:6      | kroki: how are you
  5095 | D:6      | emiel: breddy gud
  5100 | D:6      | Reached skill level 5 in Evocations
  5132 | D:6      | kroki: great
  5132 | D:6      | emiel: i'm trying to go for TeBe highscore
  5143 | D:6      | Gained mutation: You passively map the area around you. [level up]
  5143 | D:6      | Reached XP level 9. HP: 48/73 MP: 16/16
  5238 | D:6      | emiel: 115k
  5240 | D:6      | Received a gift from Yredelemnul
  5243 | D:6      | emiel: pretty easy
  5245 | D:6      | Reached skill level 6 in Evocations
  5248 | D:6      | emiel: how was your day
  5248 | D:6      | kroki: i went to the gym for the first time in years
  5248 | D:6      | emiel: how was it
  5248 | D:6      | kroki: i move like a bad horror movie robot
  5248 | D:6      | kroki: sore as fuck
  5307 | D:6      | emiel: hahaha
  5599 | D:6      | emiel: i took a little break since christmas unfortunately
  5599 | D:6      | kroki: friend bosses me around at the gym
  5599 | D:6      | emiel: been at it for a week now
  5599 | D:6      | kroki: shows me how to not hurt msyelf
  5607 | D:6      | emiel: it's a lot of fun
  5619 | D:6      | emiel: i've been doing it for a few years
  5642 | D:6      | emiel: pretty serious about food and stuff
  5642 | D:6      | kroki: thats good for you
  5642 | D:6      | emiel: you see a lot of gains pretty fast
  5642 | D:6      | kroki: goddamn i am retarded
  5642 | D:6      | emiel: do you like going to the gym?
  5642 | D:6      | kroki: there was temple
  5723 | Temple   | Entered the Ecumenical Temple
  5808 | Temple   | emiel: are you gonna switch?
  5816 | Temple   | emiel: how's the wrath
  5816 | Temple   | kroki: mild
  5820 | Temple   | Fell from the grace of Yredelemnul
  5820 | Temple   | Became a worshipper of Makhleb the Destroyer
  6191 | D:6      | Identified a scroll of acquirement
  6192 | D:6      | Got a crystal claymore
  6193 | D:6      | kroki: why
  6194 | D:6      | Identified the +1 claymore of Smirchel {elec, -Cast rElec rN+} (You acquired it on level 6 of the Dungeon)
  6196 | D:6      | emiel: just wondering
  6196 | D:6      | emiel: if you're gonna get assblasted soon
  6196 | D:6      | kroki: yeah i enjoy the gym
  6196 | D:6      | kroki: i was thinking why
  6196 | D:6      | kroki: the fucking claymore
  6196 | D:6      | emiel: oh the gym
  6269 | D:7      | emiel: yeah gym is pretty fun
  6365 | D:7      | emiel: at least if you see results it is
  6560 | D:7      | Reached skill level 2 in Fighting
  6566 | D:7      | Reached skill level 2 in Armour
  6719 | D:7      | kroki: fuck
  6749 | D:7      | Noticed a phantasmal warrior
  6805 | D:8      | Noticed Gastronok
  6835 | D:7      | emiel: how's the highscore for DDDK?
  6845 | D:7      | Reached skill level 12 in Axes
  6846 | D:7      | kroki: low
  6846 | D:7      | kroki: 90k
  6846 | D:7      | kroki: turns
  6848 | D:7      | Reached skill level 3 in Armour
  6882 | D:7      | Acquired Makhleb's first power
  7004 | D:7      | emiel: you just playing for funzies?
  7007 | D:7      | Found a bloodstained altar of Trog.
  7015 | D:7      | kroki: score
  7042 | D:7      | Reached skill level 3 in Fighting
  7050 | D:7      | Killed a phantasmal warrior
  7148 | D:8      | Found a basalt altar of Yredelemnul.
  7192 | D:8      | emiel: >glowing PDA for 4.1k
  7193 | D:8      | emiel: nothanks
  7193 | D:8      | kroki: heh
  7228 | D:8      | Reached skill level 4 in Armour
  7428 | D:8      | Noticed a komodo dragon
  7434 | D:8      | Noticed a komodo dragon
  7447 | D:8      | Noticed a komodo dragon
  7466 | D:8      | Killed a komodo dragon
  7466 | D:8      | Reached skill level 4 in Fighting
  7470 | D:8      | Reached XP level 10. HP: 31/85 MP: 17/17
  7470 | D:8      | HP: 14/85 [komodo dragon (17)]
  7477 | D:8      | Killed a komodo dragon
  7477 | D:8      | Reached skill level 5 in Armour
  7485 | D:8      | HP: 16/87 [komodo dragon (21)]
  7487 | D:8      | Mangled by a komodo dragon

Action                   |  1- 3 |  4- 6 |  7- 9 | 10-12 || total
-------------------------+-------+-------+-------+-------++-------
Melee: Hand axe          |    81 |   110 |       |       ||   191
       War axe           |       |    70 |   439 |     5 ||   514
Invok: Animate Remains   |     9 |    30 |     4 |       ||    43
       Injury Mirror     |       |     1 |       |       ||     1
       Animate Dead      |       |       |    22 |       ||    22
       Recall Undead Sla |       |       |     6 |       ||     6
 Abil: Device Recharging |       |     1 |     2 |     1 ||     4
Evoke: Wand              |     3 |     3 |    54 |     3 ||    63
  Use: Scroll            |     4 |     5 |    14 |       ||    23
       Potion            |     1 |       |     3 |       ||     4
 Stab: Distracted        |     2 |     1 |     3 |       ||     6
       Paralysed         |       |       |    41 |       ||    41
       Invisible         |       |       |    12 |     1 ||    13
  Eat: Chunk             |     2 |     2 |     3 |       ||     7
       Bread ration      |       |     1 |     2 |       ||     3
       Beef jerky        |       |     1 |     2 |       ||     3
       Royal jelly       |       |       |     1 |       ||     1

Vault maps used:
D:1:      erik_arrival_cave_to_civilisation,
          hangedman_abyss_or_decor_lesser_grid, dk_noncrumbling_2
D:2:      serial_park_square1
D:3:      grunt_temple_overflow_open
D:5:      lemuel_temple_firewalk, first_bread, uniq_pikel, uniq_sigmund
D:6:      nicolae_dithmenos_through_a_glass_darkly, kennysheep_dice
D:7:      kennysheep_mini
D:8:      lemuel_crystal_altar, erik_lair_dragon, basic_altar, uniq_gastronok
Temple:   circular_temple_12

Table legend:
 A = Turns spent in this place as a percentage of turns spent in the entire game.
 B = Non-inter-level travel turns spent in this place as a percentage of non-inter-level travel turns spent in the entire game.
 C = Inter-level travel turns spent in this place as a percentage of turns spent in this place.
 D = Turns resting spent in this place as a percentage of non-inter-level travel turns spent in this place.
 E = Turns spent auto-exploring this place as a percentage of non-inter-level travel turns spent in this place.
 F = Non-inter-level travel turns spent in this place divided by the number of levels of this place that you've seen.
                   A       B       C       D       E      F
               +-------+-------+-------+-------+-------+----------------------
         Total | 100.0 | 100.0 |   0.8 |   1.0 |   9.7 | 278.3
       Dungeon |  99.2 |  99.2 |   0.8 |   1.0 |   9.3 | 310.6
        Temple |   0.8 |   0.8 |   4.8 |   0.0 |  60.0 |  20.0
               +-------+-------+-------+-------+-------+----------------------

Table legend:
 A = Kills in this place as a percentage of kills in entire the game.
 B = Kills by you in this place as a percentage of kills by you in the entire game.
 C = Kills by friends in this place as a percentage of kills by friends in the entire game.
 D = Other kills in this place as a percentage of other kills in the entire game.
 E = Experience gained in this place as a percentage of experience gained in the entire game.
 F = Experience gained in this place divided by the number of levels of this place that you have seen.
                   A       B       C       D       E      F
               +-------+-------+-------+-------+-------+----------------------
         Total | 100.0 | 100.0 | 100.0 |  -nan | 100.0 | 669.8
       Dungeon | 100.0 | 100.0 | 100.0 |  -nan | 100.0 | 753.5
               +-------+-------+-------+-------+-------+----------------------
